 Dungeon Crawl Stone Soup version 0.29.1-1-gd02db6906a (webtiles) character file.

Game seed: 11381856112715572745

18749 styxcanada the Unseen (level 12, -1/58 HPs)
             Began as a Spriggan Brigand on Sept 25, 2022.
             Was an Initiate of Gozag.
             Succumbed to a cane toad's poison
             ... on level 2 of the Lair of Beasts on Sept 28, 2022.
             The game lasted 01:10:23 (13901 turns).

styxcanada the Unseen (Spriggan Brigand)           Turns: 13901, Time: 01:10:23

Health: -1/58      AC:  6    Str:  7    XL:     12   Next: 30%
Magic:  0/24       EV: 28    Int: 14    God:    Gozag
Gold:   908        SH:  0    Dex: 30    Spells: 22/26 levels left

rFire   + + .      SeeInvis +   m - +10 dagger "Tanac" {pain, *Slow rF+ rCorr Dex+4}
rCold   . . .      Faith    .   P - orb {mayhem}
rNeg    . . .      Spirit   +   b - +0 robe
rPois   .          Reflect  .   y - +2 hat of the Bear Spirit {Spirit, *Rage Will++}
rElec   .          Harm     .   c - +1 cloak
rCorr   +          Rampage  .   (gloves unavailable)
Will    ++++.      Rage     20% (boots unavailable)
Stlth   +++++++...              E - amulet of regeneration
HPRegen 0.99/turn               H - +6 ring of dexterity
MPRegen 0.19/turn               z - ring of protection from fire

@: lethally poisoned (-1 -> -7), on berserk cooldown, slowed, quick
A: very small, no large weapons, unfitting armour, see invisible, speed 3
a: Renounce Religion, Potion Petition, Call Merchant, Bribe Branch


You were on level 2 of the Lair of Beasts.
You worshipped Gozag.
Gozag was pleased with you.
You visited 3 branches of the dungeon, and saw 13 of its levels.
You also visited: Ossuary.

You collected 2503 gold pieces.
You spent 755 gold pieces at shops.
You paid 840 gold pieces to Gozag.

Inventory:

Hand Weapons
 m - the +10 dagger "Tanac" (weapon) {pain, *Slow rF+ rCorr Dex+4}
   (You took it off a goblin on level 4 of the Dungeon)

   In the hands of one skilled in necromantic magic, it inflicts extra damage on
   living creatures.
   Dex:       It affects your dexterity (+4).
   rF:        It protects you from fire.
   rCorr:     It protects you from acid and corrosion.
   *Slow:     It may slow you when you take damage.
 q - a +3 sling of electrocution
Missiles
 e - 4 curare-tipped darts
 n - 134 stones
 v - 38 poisoned darts (quivered)
 A - 6 atropa-tipped darts
Armour
 b - a +0 robe (worn)
 c - a +1 cloak (worn)
 y - the +2 hat of the Bear Spirit (worn) {Spirit, *Rage Will++}
   (You bought it in a shop on level 5 of the Dungeon)

   Going berserk makes the wearer tougher, and they're slowed less afterward.
   *Rage:     It berserks you when you make melee attacks (+20% chance).
   Will:      It greatly increases your willpower.
 P - an orb of mayhem (worn)
 Q - a scarf of resistance
Jewellery
 z - a ring of protection from fire (right hand)
 C - a ring of flight
 E - an amulet of regeneration (around neck)
 H - a +6 ring of dexterity (left hand)
 O - a ring of poison resistance
Wands
 d - a wand of flame (16)
 h - a wand of roots (1)
 x - a wand of paralysis (8)
 G - a wand of light (1)
Scrolls
 a - a scroll of fog
 r - 4 scrolls of teleportation
 u - 2 scrolls of summoning
 B - a scroll of enchant weapon
 J - 3 scrolls of poison
 M - a scroll of fear
Potions
 f - 2 potions of heal wounds
 g - 4 potions of brilliance
 i - 17 potions of curing
 j - a potion of ambrosia {unknown}
 k - a potion of berserk rage
 l - 8 potions of flight
 o - 4 potions of lignification
 p - 2 potions of cancellation
 s - 3 potions of mutation {unknown}
 t - 2 potions of might {unknown}
 w - 2 potions of magic {unknown}
 D - 4 potions of resistance
 F - 2 potions of invisibility


   Skills:
 + Level 4.3 Fighting
 + Level 8.4 Short Blades
 + Level 0.4 Ranged Weapons
 + Level 5.2 Throwing
 * Level 8.9 Dodging
 * Level 15.0 Stealth
 * Level 7.5 Spellcasting
 * Level 4.5 Conjurations
 * Level 4.9 Necromancy
 + Level 6.2 Translocations
 * Level 1.0 Fire Magic
 + Level 4.8 Air Magic
 * Level 7.0 Evocations


You had 22 spell levels left.
You knew the following spells:

 Your Spells              Type           Power      Damage    Failure   Level
a - Shock                 Conj/Air       72%        1d7       1%          1
b - Blink                 Tloc           44%        N/A       1%          2
c - Foxfire               Conj/Fire      52%        2x1d6     4%          1

Your spell library contained the following spells:

 Spells                   Type           Power      Damage    Failure   Level
 Lesser Beckoning         Tloc           22%        N/A       3%          3
 Swiftness                Air            18%        N/A       5%          3
 Passage of Golubria      Tloc           22%        N/A       11%         4
 Conjure Flame            Conj/Fire      13%        6-21      13%         3
 Airstrike                Air            9%         2d(2-18)  19%         4
 Manifold Assault         Tloc           22%        N/A       28%         5
 Inner Flame              Hex/Fire       6%         N/A       32%         3
 Ignite Poison            Fire/Tmut/Pois 6%         N/A       34%         3
 Ozocubu's Armour         Ice            5%         N/A       38%         3
 Summon Guardian Golem    Hex/Summ       5%         N/A       38%         3
 Tukima's Dance           Hex            5%         N/A       38%         3
 Flame Wave               Conj/Fire      13%        2d6       38%         4
 Sticky Flame             Conj/Fire      13%        2d4       38%         4
 Animate Armour           Summ/Erth      10%        N/A       80%         4
 Blade Hands              Tmut           2%         N/A       98%         5
 Metabolic Englaciation   Hex/Ice        2%         N/A       98%         5
 Yara's Violent Unravell  Hex/Tmut       2%         3d3       98%         5
 Iron Shot                Conj/Erth      5%         9d2       100%        6
 Orb of Destruction       Conj           9%         9d6       100%        7
 Spellforged Servitor     Conj/Summ      5%         N/A       100%        7
 Simulacrum               Ice/Necr       Unusable   N/A       N/A         6

Dungeon Overview and Level Annotations

Branches:
Dungeon (10/15)            Temple (1/1) D:6            Lair (2/5) D:10
  Snake (0/4) Lair:2      Ossuary (visited)
  Swamp: Lair:2-3    Shoals: Lair:2-3       Orc: D:9-12

Altars:
Ashenzari
Cheibriados
Dithmenos
Elyvilon
Fedhas
Gozag
Hepliaklqana
Kikubaaqudgha
Makhleb
Nemelex Xobeh
Qazlal
Ru
Sif Muna
Uskayaw
Vehumet
Xom
Yredelemnul
Zin
The Shining One

Shops:
D:1 (   D:5 [   D:10 [

Portals:
Trove: D:10 (give +8 demon whip)


Innate Abilities, Weirdness & Mutations

You are very small and have problems with some larger weapons.
You are too small for most types of armour.
You have supernaturally acute eyesight. (SInv)
You cover ground extremely quickly. (Speed+++)


Message History

The seven-headed hydra writhes in agony.
The seven-headed hydra is lightly wounded.
The cane toad misses you.
The seven-headed hydra completely misses you.
The seven-headed hydra closely misses you.
The seven-headed hydra completely misses you.
The seven-headed hydra closely misses you. x2
The seven-headed hydra completely misses you.
The seven-headed hydra bites you but does no damage.
You hit the seven-headed hydra.
The seven-headed hydra is lightly wounded.
The cane toad stings you.
You are poisoned.
The cane toad poisons you!
The seven-headed hydra barely misses you.
The seven-headed hydra misses you.
The seven-headed hydra completely misses you.
The seven-headed hydra bites you!
The seven-headed hydra completely misses you. x3
Aiming: Paralyse
Press: ? - help, Shift-Dir - straight line, f/p - seven-headed hydra
Aim: a seven-headed hydra (lightly wounded, chance to affect: 31%)
The seven-headed hydra easily resists.
You feel extremely sick. The cane toad barely misses you.
The seven-headed hydra completely misses you.
The seven-headed hydra misses you.
The seven-headed hydra completely misses you. x2
The seven-headed hydra bites you!
* * * LOW HITPOINT WARNING * * *
The seven-headed hydra bites you.
* * * LOW HITPOINT WARNING * * *
The seven-headed hydra completely misses you.
The cane toad stings you!!
* * * LOW HITPOINT WARNING * * *
You puncture the seven-headed hydra!
The seven-headed hydra writhes in agony.
The seven-headed hydra is moderately wounded.
You die...
Your body crumbles into a pile of gold.

.. ♣♣♣ ...
.....♣..# $
......♣..? ###
.P........# ##@#
........P...###DF#
. ..........#...#
# #...P....(..#.#
# #............##
+ $ #............#
# #.P......#####
#####...(....#
P..$P.....P♣...#


You could see a seven-headed hydra and a cane toad.

Vanquished Creatures
  A boulder beetle (D:8)
  3 death yaks (D:10)
  A cyclops (D:9)
  5 elephants
  4 cane toads
  A gargoyle (D:10)
  2 black mambas (Lair:1)
  An unseen horror (D:7)
  4 komodo dragons
  A troll (D:10)
  A hornet (D:10)
  A spriggan (Lair:2)
  Sigmund (D:2)
  A shadow (D:10)
  13 yaks
  A wraith (D:9)
  3 basilisks (Lair:1)
  A wyvern (D:10)
  2 steam dragons
  Edmund (D:4)
  4 water moccasins
  A hornet zombie (Ossuary)
  2 orc warriors
  A sky beast (D:7)
  2 ice beasts
  A black bear (D:8)
  2 ogres (D:5)
  The ghost of turdburglar the Poker, an amateur MfGl (D:3)
  5 wolves (Lair:2)
  4 centaurs
  A phantom (D:6)
  3 kobold brigands
  A necrophage (D:6)
  5 bullfrogs
  2 water moccasin zombies (Ossuary)
  2 scorpions
  A wyvern zombie (Ossuary)
  3 wights (D:10)
  18 killer bees
  2 howler monkeys
  8 bullfrog zombies
  7 centaur zombies
  3 hounds
  A jelly (D:7)
  4 orc priests
  Crazy Yiuf (D:5)
  Jessica (D:3)
  Ijyb (D:5)
  4 iguanas
  6 orc wizards
  3 hell rats (D:10)
  2 killer bee zombies (Ossuary)
  13 mummies (Ossuary)
  7 howler monkey zombies
  Robin (D:2)
  A gnoll (D:1)
  9 adders
  A river rat (D:10)
  2 shadow imps
  2 ufetubi
  4 worms
  4 dart slugs
  47 orcs
  A ball python (D:4)
  11 endoplasms
  5 giant cockroaches
  17 goblins
  13 hobgoblins
  5 jackals
  9 quokkas
  8 bats
  4 frilled lizards
  20 kobolds
  7 rats
341 creatures vanquished.

Vanquished Creatures (collateral kills)
  3 elephants
  A wyvern (Lair:1)
  4 yaks (Lair:2)
  A wolf (Lair:2)
9 creatures vanquished.

Vanquished Creatures (others)
  A water moccasin (Lair:1)
  A goblin (D:2)
  17 foxfires
  4 fungi
  5 plants
  4 withered plants (Ossuary)
32 creatures vanquished.

Grand Total: 382 creatures vanquished

Notes
Turn   | Place    | Note
-------+----------+-------------------------------------------
     0 | D:1      | styxcanada the Spriggan Brigand began the quest for the
                  | Orb.
     0 | D:1      | Reached XP level 1. HP: 10/10 MP: 2/2
    20 | D:1      | Reached skill level 6 in Stealth
    77 | D:1      | Reached XP level 2. HP: 14/14 MP: 3/3
   254 | D:1      | Reached skill level 7 in Stealth
   395 | D:1      | Found Kedo Tot's Antique Weapon Boutique.
   629 | D:1      | Reached XP level 3. HP: 18/18 MP: 4/4
  1148 | D:2      | Noticed Sigmund
  1153 | D:2      | Killed Sigmund
  1154 | D:2      | Reached skill level 9 in Stealth
  1154 | D:2      | Reached XP level 4. HP: 23/23 MP: 5/5
  1154 | D:2      | Reached XP level 5. HP: 26/26 MP: 6/6
  1172 | D:2      | Noticed Robin
  1250 | D:2      | Killed Robin
  1743 | D:2      | Found a shimmering altar of Xom.
  1807 | D:2      | Learned a level 1 spell: Shock
  1887 | D:3      | Reached XP level 6. HP: 30/30 MP: 7/7
  2865 | D:3      | Noticed Jessica
  2874 | D:3      | Killed Jessica
  3177 | D:3      | Found a runed translucent door.
  3178 | D:3      | Noticed turdburglar's ghost (amateur MfGl)
  3182 | D:3      | Killed turdburglar's ghost
  3275 | D:4      | Reached skill level 10 in Stealth
  3528 | D:4      | Reached skill level 1 in Spellcasting
  3528 | D:4      | Reached XP level 7. HP: 35/35 MP: 9/9
  3696 | D:4      | Identified the +10 dagger "Tanac" {pain, *Slow rF+ rCorr
                  | Dex+4}
  3755 | D:4      | Reached skill level 1 in Air Magic
  4112 | D:4      | Noticed Edmund
  4159 | D:4      | Killed Edmund
  4160 | D:4      | Reached skill level 1 in Conjurations
  4895 | D:5      | Entered Level 5 of the Dungeon
  5316 | D:5      | Reached skill level 11 in Stealth
  5325 | D:5      | Found Senoired's Armour Boutique.
  5351 | D:5      | Reached XP level 8. HP: 11/39 MP: 10/12
  5796 | D:5      | Found a basalt altar of Yredelemnul.
  5909 | D:5      | Found a runed translucent door.
  5910 | D:5      | Noticed Crazy Yiuf
  5960 | D:5      | Noticed Ijyb
  6005 | D:5      | Killed Ijyb
  6010 | D:5      | Killed Crazy Yiuf
  6530 | D:6      | Reached skill level 1 in Evocations
  6880 | D:6      | Found a staircase to the Ecumenical Temple.
  6889 | Temple   | Entered the Ecumenical Temple
  6926 | Temple   | Became a worshipper of Gozag Ym Sagoz the Greedy
  7207 | D:6      | Learned a level 2 spell: Blink
  7222 | D:6      | Reached skill level 12 in Stealth
  7228 | D:6      | Reached skill level 1 in Necromancy
  7614 | D:7      | Reached skill level 1 in Translocations
  7927 | D:7      | Reached XP level 9. HP: 44/44 MP: 15/15
  8080 | D:5      | Bought the +2 hat of the Bear Spirit {Spirit, *Rage Will++}
                  | for 383 gold pieces
  8080 | D:5      | Found the +2 hat of the Bear Spirit {Spirit, *Rage Will++}
  8612 | D:7      | Noticed an unseen horror
  8622 | D:7      | Killed an unseen horror
  8623 | D:7      | Reached skill level 5 in Dodging
  9006 | D:7      | Reached skill level 5 in Short Blades
  9327 | D:8      | Noticed a boulder beetle
  9334 | D:8      | Killed a boulder beetle
  9577 | D:8      | Reached XP level 10. HP: 28/49 MP: 7/18
  9812 | D:8      | Found a sand-covered staircase.
  9817 | Ossuary  | Entered an ossuary
  9880 | Ossuary  | Reached skill level 13 in Stealth
 10700 | D:9      | Reached skill level 5 in Spellcasting
 10904 | D:9      | Reached skill level 5 in Translocations
 11045 | D:9      | Noticed a cyclops
 11067 | D:9      | Killed a cyclops
 11285 | D:10     | Entered Level 10 of the Dungeon
 11288 | D:10     | Found a shimmering blue altar of Sif Muna.
 11384 | D:10     | Found a radiant altar of Vehumet.
 11447 | D:10     | Found a portal to a secret trove of treasure.
 11464 | D:10     | Noticed a gargoyle
 11474 | D:10     | Killed a gargoyle
 11475 | D:10     | Reached XP level 11. HP: 53/53 MP: 20/20
 11618 | D:10     | Noticed a death yak
 11621 | D:10     | Found a staircase to the Lair.
 11625 | D:10     | Noticed a death yak
 11627 | D:10     | Noticed a death yak
 11761 | D:10     | Killed a death yak
 11762 | D:10     | Reached skill level 5 in Evocations
 11771 | D:10     | Killed a death yak
 11772 | D:10     | Reached skill level 14 in Stealth
 11779 | D:10     | Killed a death yak
 11852 | D:10     | Bought a runed orb for 372 gold pieces
 12612 | Lair:1   | Entered Level 1 of the Lair of Beasts
 12819 | Lair:1   | Reached skill level 5 in Throwing
 12955 | Lair:1   | Learned a level 1 spell: Foxfire
 13464 | Lair:2   | Reached XP level 12. HP: 58/58 MP: 23/23
 13565 | Lair:2   | Reached skill level 15 in Stealth
 13789 | Lair:2   | Found a staircase to the Snake Pit.
 13797 | Lair:2   | Noticed a seven-headed hydra
 13851 | Lair:2   | Reached skill level 1 in Fire Magic
 13872 | Lair:2   | Noticed a seven-headed hydra
 13900 | Lair:2   | HP: 1/58 [cane toad (13)]
 13901 | Lair:2   | Succumbed to a cane toad's poison

Illustrated notes

Levels and vault maps discovered:
D:1:      psy_arrival_conway, layout_loops_ring, serial_shops, shop
D:2:      layout_rooms, basic_altar, uniq_sigmund, uniq_robin
D:3:      corexii_shack_village, layout_basic, gammafunk_ghost_grave,
          dk_vineyard_2, uniq_jessica
D:4:      layout_layer_cave, uniq_edmund
D:5:      minmay_general_purpose_star, layout_rooms,
          nicolae_yredelemnul_corpse_copse, nicolae_inconvenience_store,
          uniq_crazy_yiuf_cottage, uniq_ijyb
D:6:      layout_cave_pods, minmay_temple_entry_antechambers
D:7:      layout_cave_pods
D:8:      layout_cave_pods, enter_ossuary_2
D:9:      layout_basic
D:10:     layout_basic, mainiacjoe_overflow_catch_the_wave, dpeg_lair_monsters,
          nicolae_trove_entry_free_sample, dreamdust_princess_bridge
Temple:   compressed_dpeg_triangle_lava_temple
Lair:1:   layout_roguey
Lair:2:   layout_cave_shapes, elwin_shoals_entry_rocks,
          guppyfry_snake_entry_island, grunt_forest_large_clearing_hut

Skill      XL: |  1  2  3  4  5  6  7  8  9 10 11 12 |
---------------+-------------------------------------+-----
Stealth        | 6 7 9 10 11 12 13 14 15 | 15.0
Dodging        | 2 3 4 5 7 8 |  8.9
Fighting       | 2 3 4 |  4.3
Short Blades   | 3 4 5 7 8 |  8.4
Spellcasting   | 1 2 3 4 5 6 7 |  7.5
Air Magic      | 1 2 3 4 |  4.8
Conjurations   | 1 2 3 4 |  4.5
Throwing       | 3 4 5 |  5.2
Evocations     | 2 3 4 6 7 |  7.0
Necromancy     | 1 2 3 4 |  4.9
Translocations | 1 4 5 6 |  6.2
Fire Magic     | 1 |  1.0
Ranged Weapons | |  0.4

Action                   |  1- 3 |  4- 6 |  7- 9 | 10-12 || total
-------------------------+-------+-------+-------+-------++-------
Melee: Dagger            |    66 |   159 |   236 |   475 ||   936
       Punch             |       |     4 |       |     6 ||    10
 Fire: Sling             |       |       |     2 |     1 ||     3
Throw: Dart              |     6 |    33 |    62 |    47 ||   148
       Stone             |       |       |     2 |       ||     2
 Cast: Shock             |       |       |    13 |    31 ||    44
       Foxfire           |       |       |       |    11 ||    11
Invok: Call Merchant     |       |       |       |     1 ||     1
Evoke: Wand              |       |       |     1 |     4 ||     5
  Use: Scroll            |       |    11 |     7 |     8 ||    26
 Stab: Sleeping          |    18 |    21 |    16 |    11 ||    66
       Distracted        |       |       |     2 |     6 ||     8
Armor: Robe              |    13 |    21 |    15 |    40 ||    89
Dodge: Dodged            |    39 |    91 |   163 |   377 ||   670
